 Seeded DCSS version 0.29-a0-322-g68df515428 (webtiles) character file.

Game seed: 7809745372613966964 (custom seed)

62 AlmostDecent the Shooter (level 4, 0/26 HPs)
             Began as a Tengu Hunter on Apr 6, 2022.
             Slain by an adder (4 damage)
             ... on level 2 of the Dungeon.
             The game lasted 00:02:40 (1038 turns).

AlmostDecent the Shooter (Tengu Hunter)             Turns: 1038, Time: 00:02:41

Health: 0/26       AC:  3    Str: 12    XL:     4   Next: 8%
Magic:  5/5        EV: 12    Int:  9    God:
Gold:   75         SH:  0    Dex: 19    Spells: 3/3 levels left

rFire   . . .      SeeInvis .   a - +1 shortbow
rCold   . . .      Faith    .   (shield currently unavailable)
rNeg    . . .      Spirit   .   b - +0 leather armour
rPois   .          Reflect  .   (helmet restricted)
rElec   .          Harm     .   (no cloak)
rCorr   .          Rampage  .   (no gloves)
Will    .....                   (boots unavailable)
Stlth   ++........              (no amulet)
HPRegen 0.08/turn               (no ring)
MPRegen 0.09/turn               (no ring)

@: lethally poisoned (0 -> -9)
A: beak, talons 3
a: no special abilities


You were on level 2 of the Dungeon.
You visited 1 branch of the dungeon, and saw 2 of its levels.

You collected 75 gold pieces.

Inventory:

Hand Weapons
 a - a +1 shortbow (weapon)
Armour
 b - a +0 leather armour (worn)
Jewellery
 i - a ring of positive energy
 j - a ring of resist corrosion
Scrolls
 c - a scroll of immolation
 d - 3 scrolls of identify {unknown}
 e - a scroll of fog {unknown}
 g - 2 scrolls of fear {unknown}
 h - a scroll of noise {unknown}
 k - 2 scrolls of acquirement {unknown}
 o - 2 scrolls of magic mapping {unknown}
Potions
 f - a potion of attraction {unknown}
 l - a potion of lignification {unknown}
 m - a potion of brilliance {unknown}
 n - 2 potions of curing {unknown}
 p - a potion of mutation {unknown}


   Skills:
 + Level 2.2 Fighting
 * Level 6.0 Bows
 + Level 2.2 Dodging
 + Level 1.0 Stealth


You had 3 spell levels left.
You didn't know any spells.
Your spell library contained the following spells:

 Spells                   Type           Power      Damage    Failure   Level
 Blink                    Tloc           0%         N/A       61%         2
 Gell's Gravitas          Tloc           0%         N/A       83%         3
 Summon Guardian Golem    Hex/Summ       0%         N/A       83%         3
 Teleport Other           Tloc           0%         N/A       83%         3
 Manifold Assault         Tloc           0%         N/A       100%        5
 Dispersal                Tloc           0%         N/A       100%        6
 Orb of Destruction       Conj           0%         9d5       100%        7
 Spellforged Servitor     Conj/Summ      0%         N/A       100%        7
 Storm Form               Tmut/Air       0%         N/A       100%        7


Dungeon Overview and Level Annotations

Branches:
Dungeon (2/15)

Altars:


Innate Abilities, Weirdness & Mutations

You have a beak for a mouth.
You have claws for feet.


Message History

You shoot an arrow. The arrow closely misses the adder.
The adder bites you but does no damage. The dart slug barely misses you.
The adder bites you.
You are too injured to fight recklessly!
You are too injured to fight recklessly!
You are too injured to fight recklessly!
You are too injured to fight recklessly!
You are too injured to fight recklessly!
Shoot: a) +1 shortbow
Press: ? - help, Shift-Dir - straight line, f/p - adder
Aim: an adder (51% to hit)
You shoot an arrow. The arrow hits the adder.
The adder is moderately wounded.
The adder bites you. The dart slug misses you.
Shoot: a) +1 shortbow
Press: ? - help, Shift-Dir - straight line, f/p - adder
Aim: an adder (moderately wounded, 51% to hit)
You shoot an arrow. The arrow barely misses the adder.
The adder bites you.
You are poisoned.
The adder poisons you! The adder bites you but does no damage.
The dart slug closely misses you.
Shoot: a) +1 shortbow
Press: ? - help, Shift-Dir - straight line, f/p - adder
Aim: an adder (moderately wounded, 51% to hit)
You shoot an arrow. The arrow barely misses the adder.
You feel sick. The adder bites you but does no damage. The adder bites you.
You are lethally poisoned!
The adder poisons you! The dart slug launches a dart at you.
The slug dart hits you.
* * * LOW HITPOINT WARNING * * *
Shoot: a) +1 shortbow
Press: ? - help, Shift-Dir - straight line, f/p - adder
Aim: an adder (moderately wounded, 51% to hit)
You shoot an arrow. The arrow hits the adder!
The adder is almost dead.
* * * LOW HITPOINT WARNING * * *
You feel very sick. The adder bites you.
You die...

# #.......... ..
#.#.........
#.##.#........#
.........(...#### #
#........†...... .
##..........# .##.##
#...........# .#...>
##.#.........####......
#....S@................
...###w###..............
?). #....<.#.##.... ##.#
#........# ### ..
#.###..)####### ### #.#
#.......... ..#
#.......... ...#
#..........
....###..........


You could see an adder and a dart slug.

Vanquished Creatures
  A gnoll (D:1)
  A worm (D:2)
  A dart slug (D:2)
  6 endoplasms
  2 giant cockroaches (D:1)
  5 goblins
  2 hobgoblins (D:2)
  7 kobolds
  2 quokkas (D:1)
  3 ball pythons
  6 bats (D:1)
  9 rats
45 creatures vanquished.

Notes
Turn   | Place    | Note
-------+----------+-------------------------------------------
     0 | D:1      | AlmostDecent the Tengu Hunter began the quest for the Orb.
     0 | D:1      | Reached XP level 1. HP: 12/12 MP: 2/2
   137 | D:1      | Reached XP level 2. HP: 17/17 MP: 3/3
   153 | D:1      | Reached skill level 5 in Bows
   172 | D:1      | Reached XP level 3. HP: 21/21 MP: 4/4
   807 | D:2      | Found a faded altar of an unknown god.
  1018 | D:2      | Reached XP level 4. HP: 26/26 MP: 5/5
  1031 | D:2      | Reached skill level 6 in Bows
  1038 | D:2      | Slain by an adder

Illustrated notes

Levels and vault maps discovered:
D:1:      dpeg_arrival_subterranean_lakeside_camping, layout_basic,
          serial_bayou_pond_a
D:2:      layout_rooms, hellmonk_ecumenical_altar_arch_garden, st_stairs_8,
          minmay_split_cup_large

Skill      XL: |  1  2  3  4 |
---------------+-------------+-----
Bows           | 5 6 |  6.0
Fighting       | |  2.2
Dodging        | |  2.2
Stealth        | |  1.0

Action                   |  1- 3 |  4- 6 || total
-------------------------+-------+-------++-------
 Fire: Shortbow          |    82 |    13 ||    95
Armor: Leather armour    |     4 |     5 ||     9
Dodge: Dodged            |     9 |    14 ||    23

Table legend: (Time is in decaauts)
 A = Elapsed time spent in this place.
 B = Non-inter-level travel time spent in this place.
 C = Inter-level travel time spent in this place.
 D = Time resting spent in this place.
 E = Time spent auto-exploring this place.
 F = Levels seen in this place.
 G = Mean time per level.
                   A        B        C        D        E       F      G
               +--------+--------+--------+--------+--------+-----+--------+
         Total |   1066 |   1036 |     30 |      0 |    838 |   2 |  533.0 |
       Dungeon |   1066 |   1036 |     30 |      0 |    838 |   2 |  533.0 |
               +--------+--------+--------+--------+--------+-----+--------+

Top non-repeatable levels by time:
     D:1: 732 daAuts
     D:2: 333 daAuts
